 Dungeon Crawl Stone Soup version 0.28-b1-25-g9875b3fc8c (webtiles) character file.

Game seed: 12756941692092079298

926 sanka the Thaumaturge (level 7, -1/48 HPs)
             Began as a Deep Elf Transmuter on Feb 7, 2022.
             Was an Initiate of Vehumet.
             Slain by Pikel (7 damage)
             ... on level 4 of the Dungeon.
             The game lasted 00:10:55 (6289 turns).

sanka the Thaumaturge (Deep Elf Transmuter)         Turns: 6289, Time: 00:10:55

Health: -1/48      AC:  6    Str:  7    XL:     7   Next: 85%
Magic:  29/29      EV: 11    Int: 20    God:    Vehumet [......]
Gold:   201        SH:  5    Dex: 15    Spells: 12/22 levels left

rFire   x . .      SeeInvis .     - Unarmed
rCold   + + +      Faith    .   (shield currently unavailable)
rNeg    . . .      Spirit   .   (armour currently unavailable)
rPois   +          Reflect  +   (helmet currently unavailable)
rElec   .          Harm     .   (cloak currently unavailable)
rCorr   .          Rampage  .   (gloves currently unavailable)
Will    .....                   (boots currently unavailable)
Stlth   +.........              b - amulet of reflection
HPRegen 0.16/turn               l - ring of magical power
MPRegen 0.21/turn               (no ring)

@: ice-form
A: freezing attack, amphibious, boosted hp, large, (horns 1), (iridescent scales
1)
a: End Transformation, Renounce Religion


You were on level 4 of the Dungeon.
You worshipped Vehumet.
Vehumet was noncommittal.
You were a creature of crystalline ice.
You visited 1 branch of the dungeon, and saw 5 of its levels.

You collected 201 gold pieces.

Inventory:

Armour
 a - a +0 robe (melded)
 j - a +0 troll leather armour {Pargi}
Jewellery
 b - an amulet of reflection (around neck)
 g - a ring of fire
 l - a ring of magical power (left front paw)
Scrolls
 c - 4 scrolls of identify {unknown}
 e - a scroll of vulnerability {unknown}
 i - a scroll of amnesia {unknown}
Potions
 d - a potion of mutation
 f - a potion of invisibility {unknown}
 h - a potion of flight {unknown}
 k - a potion of attraction {unknown}
 n - a potion of berserk rage {unknown}


   Skills:
 + Level 2.8 Fighting
 + Level 4.7 Dodging
 - Level 2.4 Unarmed Combat
 - Level 8.0 Spellcasting
 - Level 4.0 Transmutations
 - Level 4.0 Poison Magic


You had 12 spell levels left.
You knew the following spells:

 Your Spells              Type           Power      Damage    Failure   Level
a - Beastly Appendage     Tmut           48%        N/A       1%          1
b - Spider Form           Tmut/Pois      24%        N/A       4%          3
c - Wereblood             Tmut           24%        N/A       2%          2
d - Ice Form              Ice/Tmut       16%        N/A       36%         4

Your spell library contained the following spells:

 Spells                   Type           Power      Damage    Failure   Level
 Passwall                 Tmut/Erth      13%        N/A       5%          2
 Ensorcelled Hibernation  Hex/Ice        16%        N/A       13%         2
 Swiftness                Air            8%         N/A       26%         3
 Summon Forest            Summ/Tloc      4%         N/A       93%         5
 Summon Mana Viper        Hex/Summ       8%         N/A       93%         5
 Summon Cactus Giant      Summ           4%         N/A       100%        6


Dungeon Overview and Level Annotations

Branches:
Dungeon (5/15)
 Temple: D:4-7

Altars:
Elyvilon
Makhleb
Vehumet
Xom
Yredelemnul
Zin

Annotations:
D:4 Pikel


Innate Abilities, Weirdness & Mutations

You are a creature of crystalline ice.
You have a powerful freezing melee attack.
You are amphibious.
Your maximum health is increased.
Your armour is entirely melded.
You are incapable of wielding weapons or throwing items.
((You have a pair of small horns on your head.))
((You are partially covered in iridescent scales. (AC +2)))


Message History

You barely miss Pikel.
Pikel is moderately wounded.
Pikel says, "You'll rust in Dis!"
Pikel hits you with a +0 whip of electrocution.
The lemure hits you but does no damage.
You hit Pikel but do no damage.
Pikel is moderately wounded.
Pikel hits you with a +0 whip of electrocution!
You block the lemure's attack.
You hit Pikel but do no damage.
Pikel is moderately wounded.
Pikel barely misses you. The lemure hits you.
You hit Pikel. You freeze Pikel.
Pikel is heavily wounded.
Pikel misses you. You block the lemure's attack.
You hit Pikel. You freeze Pikel.
Pikel is severely wounded.
Pikel closely misses you. The lemure barely misses you.
You hit Pikel. You freeze Pikel.
Pikel is severely wounded.
Pikel hits you with a +0 whip of electrocution!
The lemure hits you but does no damage.
You barely miss Pikel.
Pikel is severely wounded.
Pikel misses you. The lemure hits you!
* * * LOW HITPOINT WARNING * * *
You barely miss Pikel.
Pikel is severely wounded.
Pikel drinks a potion.
Pikel is healed!
The lemure hits you.
* * * LOW HITPOINT WARNING * * *
You hit Pikel. You freeze Pikel.
Pikel is heavily wounded.
Pikel hits you with a +0 whip of electrocution!
* * * LOW HITPOINT WARNING * * *
The lemure hits you.
* * * LOW HITPOINT WARNING * * *
Unknown command.
You feel better.
Pikel hits you with a +0 whip of electrocution!
You die...

#.## #...... #..# #...... ##[#
######... #.# #......##
###.###.####.##
#####.......####.#.
#.......##.......#.
##.###........###.#.
#.KY5...###.#.......
##############..##...###.#####.##
.........##......#.<.....# #...#
##...###.##..........##### #...#
##...###.##..#.#.#.### #...#
#..............#.#.##### #...#
.....###.##..##........# #...#
#................#.#.#.# #...#
......).......#.##.#.#.######...#


You could see Pikel and a lemure.

Vanquished Creatures
  Sigmund (D:2)
  Eustachio (D:4)
  Pargi (D:4)
  An ogre (D:4)
  A lemure (D:4)
  A bullfrog (D:4)
  2 scorpions (D:4)
  A water moccasin skeleton (D:4)
  A hound (D:4)
  An iguana (D:4)
  4 gnolls (D:2)
  8 adders
  2 worms
  2 dart slugs
  2 orcs (D:3)
  3 ball pythons (D:2)
  A bat (D:3)
  9 endoplasms
  3 giant cockroaches
  6 goblins
  6 hobgoblins
  2 jackals (D:2)
  2 quokkas
  6 frilled lizards
  3 kobolds
  2 rats
72 creatures vanquished.

Vanquished Creatures (others)
  6 fungi (D:4)
6 creatures vanquished.

Grand Total: 78 creatures vanquished

Notes
Turn   | Place    | Note
-------+----------+-------------------------------------------
     0 | D:1      | sanka the Deep Elf Transmuter began the quest for the Orb.
     0 | D:1      | Reached XP level 1. HP: 11/11 MP: 6/6
   342 | D:1      | Reached skill level 1 in Poison Magic
   377 | D:1      | Reached XP level 2. HP: 12/16 MP: 6/8
  1120 | D:1      | Found a faded altar of an unknown god.
  1177 | D:2      | Reached XP level 3. HP: 11/20 MP: 7/9
  1347 | D:2      | Learned a level 3 spell: Spider Form
  1350 | D:2      | Learned a level 2 spell: Wereblood
  1704 | D:2      | Noticed Sigmund
  1710 | D:2      | Gained mutation: You have a pair of small horns on your
                  | head. [potion of mutation]
  1710 | D:2      | Gained mutation: You are partially covered in iridescent
                  | scales. (AC +2) [potion of mutation]
  1725 | D:2      | Killed Sigmund
  1726 | D:2      | Reached skill level 6 in Spellcasting
  1726 | D:2      | Reached XP level 4. HP: 8/24 MP: 9/14
  1726 | D:2      | Reached XP level 5. HP: 9/28 MP: 9/15
  2705 | D:2      | Reached XP level 6. HP: 30/33 MP: 14/17
  3033 | D:3      | Reached skill level 7 in Spellcasting
  4109 | D:3      | Found a burning altar of Makhleb.
  4282 | D:3      | Found a basalt altar of Yredelemnul.
  4285 | D:3      | Found a glowing silver altar of Zin.
  4290 | D:3      | Found a white marble altar of Elyvilon.
  4502 | D:3      | Found a broken altar of Ashenzari.
  4508 | D:3      | Found a glowing golden altar of the Shining One.
  4508 | D:3      | Found a shimmering altar of Xom.
  4514 | D:3      | Found a broken altar of Ashenzari.
  4514 | D:3      | Found an ornate altar of the Wu Jian Council.
  4514 | D:3      | Found an iron altar of Okawaru.
  4906 | D:4      | Noticed Pargi
  4936 | D:4      | Killed Pargi
  5211 | D:4      | Reached XP level 7. HP: 37/37 MP: 13/20
  5222 | D:4      | Reached skill level 8 in Spellcasting
  5222 | D:4      | Reached skill level 1 in Fighting
  5257 | D:4      | Found a radiant altar of Vehumet.
  5284 | D:4      | Became a worshipper of Vehumet
  5747 | D:4      | Noticed Eustachio
  5754 | D:4      | Killed Eustachio
  6123 | D:5      | Entered Level 5 of the Dungeon
  6249 | D:4      | Learned a level 4 spell: Ice Form
  6273 | D:5      | Noticed Pikel
  6288 | D:4      | HP: 1/48 [lemure[Pikel] (3)]
  6289 | D:4      | Slain by Pikel

Illustrated notes

Levels and vault maps discovered:
D:1:      dpeg_arrival_long_road, layout_basic,
          dreamdust_ecumenical_altar_hidden_monk_grotto
D:2:      layout_basic, uniq_sigmund
D:3:      layout_loops_corners, grunt_temple_overflow_diamond,
          lemuel_round_altar, doesnt_xom_only_xom
D:4:      layout_loops_cross, nicolae_vehumet_radiance, serial_aquarium,
          aquarium_bridge_long_separate [aquarium_subvault_bridge,
          aquarium_subvault_wall, aquarium_subvault_bridge,
          aquarium_subvault_bridge, aquarium_subvault_bridge,
          aquarium_subvault_bridge], aquarium_bridge_straight
          [aquarium_subvault_bridge, aquarium_subvault_wall,
          aquarium_subvault_bridge, aquarium_subvault_window],
          aquarium_window_fake, aquarium_window_1, aquarium_view_2b,
          aquarium_pool_side, uniq_pargi, uniq_eustachio
D:5:      layout_cave_pools, old_standard_altar, ebering_ghost_disaster_area,
          uniq_pikel, uniq_duvessa

Skill      XL: |  1  2  3  4  5  6  7 |
---------------+----------------------+-----
Poison Magic   | 1 2 3 4 |  4.0
Transmutations | 3 4 |  4.0
Spellcasting   | 6 7 8 |  8.0
Fighting       | 2 |  2.8
Dodging        | 4 |  4.7
Unarmed Combat | |  2.4

Action                   |  1- 3 |  4- 6 |  7- 9 || total
-------------------------+-------+-------+-------++-------
Melee: Unarmed           |    70 |   144 |    67 ||   281
       Kick              |    12 |     2 |       ||    14
       Headbutt          |     7 |     4 |       ||    11
       Punch             |     2 |     1 |       ||     3
 Cast: Beastly Appendage |    17 |     4 |       ||    21
       Spider Form       |     3 |    19 |    11 ||    33
       Wereblood         |     3 |     2 |       ||     5
       Ice Form          |       |       |     1 ||     1
  Use: Potion            |     2 |       |     1 ||     3
 Stab: Sleeping          |     1 |       |     1 ||     2
Armor: Robe              |     6 |     7 |       ||    13
       Skin              |       |     7 |     5 ||    12
Dodge: Dodged            |    32 |   126 |    35 ||   193
Block: Other             |     8 |    31 |    20 ||    59
       Reflection        |     1 |       |     1 ||     2
